 Dungeon Crawl Stone Soup version 0.25.0-9-g26727b6 (webtiles) character file.

Game seed: 2324131770492695497

403 Ousak the Chiller (level 6, -3/47 HPs)
             Began as a Draconian Ice Elementalist on June 19, 2020.
             Shot with an arrow by a centaur (8 damage)
             ... on level 5 of the Dungeon.
             The game lasted 00:04:22 (4387 turns).

Ousak the Chiller (Draconian Ice Elementalist)      Turns: 4387, Time: 00:04:23

Health: -3/47      AC:  6    Str: 10    XL:     6   Next: 55%
Magic:  10/13      EV: 12    Int: 18    God:
Gold:   156        SH:  0    Dex: 11    Spells: 7/14 levels left

rFire    . . .     SeeInvis .   e - +0 mace
rCold    . . .     Gourm    .   (no shield)
rNeg     + . .     Faith    .   (armour unavailable)
rPois    .         Spirit   .   (helmet restricted)
rElec    .         Reflect  .   (no cloak)
rCorr    +         Harm     .   (no gloves)
MR       .....                  (no boots)
Stlth    ++........             (no amulet)
HPRegen  0.15/turn              f - ring of positive energy
MPRegen  0.13/turn              n - ring of resist corrosion

@: frozen ramparts
A: unfitting armour, cold-blooded, AC +6
a: no special abilities


You were on level 5 of the Dungeon.
You were very hungry.

You visited 1 branch of the dungeon, and saw 5 of its levels.

You collected 156 gold pieces.

Inventory:

Hand Weapons
 e - a +0 mace (weapon)
Jewellery
 f - a ring of positive energy (left hand)
 n - a ring of resist corrosion (right hand)
Scrolls
 a - 6 scrolls of identify {unknown}
 c - a scroll of noise {unknown}
 d - a scroll of amnesia {unknown}
 g - 3 scrolls of remove curse {unknown}
 i - 3 scrolls of teleportation {unknown}
 k - 2 scrolls of enchant armour {unknown}
 m - a scroll of random uselessness {unknown}
 o - a scroll of fog {unknown}
Potions
 h - a potion of stabbing {unknown}
 j - a potion of curing {unknown}
 l - a potion of heal wounds {unknown}
 p - a potion of flight {unknown}
Comestibles
 b - 7 rations


   Skills:
 + Level 1.5 Fighting
 - Level 1.7 Dodging
 - Level 1.7 Stealth
 + Level 4.7 Spellcasting
 + Level 6.1 Ice Magic


You had 7 spell levels left.
You knew the following spells:

 Your Spells              Type           Power        Failure   Level  Hunger
a - Freeze                Ice            ####         1%          1    None
b - Frozen Ramparts       Ice            ####..       3%          3    ###....
c - Ozocubu's Armour      Chrm/Ice       ###.....     12%         3    ###....

Your spell library contained the following spells:

 Spells                   Type           Power        Failure   Level  Hunger
 Hailstorm                Conj/Ice       ###.....     36%         4    ####...
 Summon Ice Beast         Ice/Summ       ###.....     36%         4    ####...


Dungeon Overview and Level Annotations

Branches:
Dungeon (5/15)
 Temple: D:4-7

Altars:
Ashenzari
Hepliaklqana
Uskayaw


Innate Abilities, Weirdness & Mutations

Your plain brown scales are hard. (AC +6)
You cannot fit into any form of body armour.
You are cold-blooded and may be slowed by cold attacks.


Message History

The wall freezes the ogre.
The ogre closely misses you.
The wall freezes the centaur.
The wall freezes the adder.
The adder misses you.
The wall freezes the centaur.
The wall freezes the ogre.
The ogre closely misses you.
The wall freezes the centaur.
The centaur unwields a +0 shortbow.
The centaur wields a +0 short sword.
The centaur misses you.
The wall freezes the adder!
You kill the adder!
The wall freezes the centaur.
The centaur hits you with a +0 short sword.
* * * LOW HITPOINT WARNING * * *
The wall freezes the ogre.
The wall freezes the centaur.
The centaur unwields a +0 short sword.
The centaur wields a +0 shortbow.
The centaur shoots an arrow.
The arrow hits you.
* * * LOW HITPOINT WARNING * * *
The wall freezes the ogre.
You see here an arrow.
The wall freezes the centaur.
The centaur shoots an arrow.
The arrow hits you!
You die...

...............####.##.##
.............#.........#
............####......##
...........## ##......###
........(...### #.....#..###
...#....##.†c.##..#...###..#
.......####(.....##...##.###
..##.(. ###.O(..###...#.## .
###..#.....@## #...#.#
#.......##..###....##
....#######.....##..# ...
##..#####.# ## #.## ###
#.### #...########
#..........# ############


You could see an ogre and a centaur.

Vanquished Creatures
  A crimson imp (D:5)
  A bullfrog skeleton (D:5)
  3 orc wizards (D:4)
  3 worker ants
  9 adders
  An ooze (D:2)
  An adder skeleton (D:4)
  2 worms
  2 dart slugs (D:1)
  4 leopard geckos
  7 orcs
  11 bats
  3 giant cockroaches
  11 goblins
  10 hobgoblins
  7 kobolds
  2 quokkas (D:3)
  A ball python (D:3)
  2 frilled lizards
  A quokka skeleton (D:5)
  5 rats
87 creatures vanquished.

Notes
Turn   | Place    | Note
-------+----------+-------------------------------------------
     0 | D:1      | Ousak the Draconian Ice Elementalist began the quest for
                  | the Orb.
     0 | D:1      | Reached XP level 1. HP: 14/14 MP: 3/3
   332 | D:1      | Reached XP level 2. HP: 20/20 MP: 0/5
   950 | D:1      | Reached XP level 3. HP: 26/26 MP: 4/6
  1543 | D:2      | Reached XP level 4. HP: 31/33 MP: 5/8
  1629 | D:2      | Reached skill level 5 in Ice Magic
  1805 | D:2      | Found a hide-covered altar of Uskayaw.
  1805 | D:2      | Found a hazy altar of Hepliaklqana.
  2199 | D:3      | Learned a level 3 spell: Frozen Ramparts
  2203 | D:3      | Learned a level 3 spell: Ozocubu's Armour
  2552 | D:3      | Found a shattered altar of Ashenzari.
  2823 | D:3      | Reached skill level 1 in Fighting
  2823 | D:3      | Reached XP level 5. HP: 36/40 MP: 5/10
  3582 | D:4      | Noticed a phantom
  3767 | D:4      | Reached XP level 6. HP: 46/47 MP: 8/12
  4015 | D:5      | Entered Level 5 of the Dungeon
  4260 | D:5      | Reached skill level 6 in Ice Magic
  4387 | D:5      | Shot with an arrow by a centaur

Illustrated notes

Levels and vault maps discovered:
D:1:      scummos_arrival_simple_fountains, layout_basic,
          chequers_serial_rivers_room_a
D:2:      minmay_chambers_of_ones, layout_rooms,
          gammafunk_temple_overflow_elements, minmay_misc_feat_x
D:3:      minmay_spotlight, layout_basic, nicolae_ashenzari_panopticon
D:4:      layout_gridville
D:5:      layout_layer_cave, temple_doors_cd, first_ration

Skill      XL: |  1  2  3  4  5  6 |
---------------+-------------------+-----
Spellcasting   | 3 4 |  4.7
Ice Magic      | 5 6 |  6.1
Fighting       | 1 |  1.5
Dodging        | |  1.7
Stealth        | |  1.7

Action                   |  1- 3 |  4- 6 || total
-------------------------+-------+-------++-------
Melee: Unarmed           |    10 |       ||    10
       Tailslap          |     6 |     8 ||    14
       Mace              |    14 |    74 ||    88
 Cast: Freeze            |    44 |    59 ||   103
       Frozen Ramparts   |       |     8 ||     8
       Ozocubu's Armour  |       |     1 ||     1
 Stab: Sleeping          |     1 |     1 ||     2
       Distracted        |       |     1 ||     1
  Eat: Chunk             |     2 |     9 ||    11
Armor: Skin              |    26 |    44 ||    70
Dodge: Dodged            |    45 |    89 ||   134
